AoeStats
← Huskarls4

Fortress

509069979Analyzed
4v4 RM · 23d ago on Sep 25, 2026· 45m 33s· 8 players
Game mode
Random Map
Map size
Huge
Population
200
Speed
Normal
Resources
Standard
Victory
Conquest
Starting age
Dark Age
Ending age
Imperial Age
RankedLock teamsTeams togetherTeam positionsShared explorationLock speedFull tech treeHidden civsTurbo modeCheats
Victory
Defeat
🇨🇳 Cumans · China
1486
+12
🇨🇳 Spanish · China
1409
+15
🇹🇼 Mongols · Taiwan
1388
+16
1338
+18
vs
🇨🇳 Mongols · China
1502
-21
🇬🇧 Franks · United Kingdom
1415
-16
🇹🇷 Saracens · Türkiye
1315
-12
🇫🇷 Vietnamese · France
1301
-12
123456
7:07 Feudal Age
11:05 Castle Age
9:46 Gold Mining
9:43 Double-Bit Axe
13:20 Padded Archer Armor
14:46 Bow Saw
20:36 Wheelbarrow
19:47 Loom
19:53 Town Watch
23:15 Stone Mining
27:34 Imperial Age
25:41 Hand Cart
26:00 Leather Archer Armor
26:47 Husbandry
26:58 Bloodlines
29:12 Ring Archer Armor
29:35 Conscription
29:24 Cavalier
31:48 Stone Shaft Mining
30:41 Light Cavalry
31:34 Forging
31:30 Scale Barding Armor
32:11 Scale Barding Armor
31:45 Hussar
33:19 Iron Casting
34:13 Chain Barding Armor
34:20 Caravan
36:12 Elite Conquistador
39:00 Chemistry
38:21 Ballistics
39:17 Two-Man Saw
38:14 Paladin
39:58 Blast Furnace
39:39 Plate Barding Armor
40:35 Fletching
水母系呆萌美少女可可
6:56 Feudal Age
11:13 Castle Age
9:18 Double-Bit Axe
9:38 Horse Collar
12:48 Bow Saw
13:44 Wheelbarrow
14:59 Loom
15:20 Heavy Plow
18:34 Gold Mining
18:43 Loom
19:58 Gold Shaft Mining
20:10 Stone Mining
20:36 Hand Cart
25:13 Imperial Age
22:59 Gambesons
22:59 Arson
22:43 Man-at-Arms
23:23 Squires
23:39 Town Watch
23:53 Fletching
24:06 Scale Mail Armor
24:17 Forging
24:22 Pikeman
24:22 Long Swordsman
25:15 Halberdier
26:25 Conscription
26:06 Two-Handed Swordsman
26:55 Fereters
27:11 Fereters
27:36 Chain Mail Armor
27:57 Iron Casting
27:54 Ballistics
27:19 Capped Ram
27:32 Champion
29:39 Plate Mail Armor
30:38 Blast Furnace
31:05 Hoardings
31:04 Siege Ram
31:40 Fletching
39:06 Bodkin Arrow
39:12 Padded Archer Armor
40:28 Chemistry
39:51 Fortified Wall
39:57 Bracer
39:20 Elite Skirmisher
40:23 Bracer
42:24 Leather Archer Armor
42:54 Murder Holes
45:17 Masonry
44:48 Treadmill Crane
hoot
5:39 Feudal Age
6:15 Double-Bit Axe
6:39 Horse Collar
10:52 Wheelbarrow
12:44 Gold Mining
16:31 Castle Age
15:05 Stone Mining
15:26 Loom
17:24 Bow Saw
17:15 Heavy Plow
21:05 Imperial Age
18:43 Steppe Husbandry
19:22 Fletching
20:28 Hand Cart
20:22 Bodkin Arrow
20:27 Padded Archer Armor
22:12 Conscription
23:44 Chemistry
24:46 Thumb Ring
24:54 Bloodlines
27:25 Parthian Tactics
27:17 Leather Archer Armor
27:26 Ballistics
28:49 Elite Kipchak
31:00 Ring Archer Armor
32:32 Masonry
33:35 Guilds
34:35 Scale Barding Armor
34:41 Forging
35:38 Chain Barding Armor
34:42 Light Cavalry
36:46 Iron Casting
36:05 Hussar
38:14 Plate Barding Armor
43:23 Elite Steppe Lancer
45:09 Blast Furnace
飛衫走奶
6:51 Feudal Age
8:29 Loom
11:04 Castle Age
9:24 Double-Bit Axe
9:31 Horse Collar
12:04 Heavy Plow
12:49 Bow Saw
20:43 Wheelbarrow
20:50 Gold Mining
21:00 Stone Mining
26:22 Imperial Age
24:34 Fletching
24:56 Forging
24:48 Padded Archer Armor
24:48 Scale Mail Armor
25:39 Bloodlines
25:30 Husbandry
24:54 Light Cavalry
26:11 Hand Cart
26:35 Ballistics
26:14 Bodkin Arrow
26:38 Leather Archer Armor
27:05 Bracer
28:10 Chemistry
27:48 Conscription
27:51 Elite Mangudai
28:49 Hussar
30:28 Iron Casting
29:59 Scale Barding Armor
30:13 Heavy Camel Rider
32:46 Blast Furnace
32:43 Chain Barding Armor
33:27 Gold Shaft Mining
33:28 Stone Shaft Mining
45:10 Caravan
Huskarls4
7:54 Feudal Age
11:47 Castle Age
9:45 Double-Bit Axe
13:44 Bow Saw
19:40 Gold Mining
22:05 Wheelbarrow
22:29 Loom
23:21 Forging
24:08 Hand Cart
27:18 Imperial Age
26:01 Husbandry
26:08 Scale Barding Armor
26:39 Iron Casting
25:55 Fletching
27:41 Chain Barding Armor
27:25 Cavalier
29:15 Blast Furnace
30:48 Plate Barding Armor
30:13 Paladin
31:35 Conscription
32:02 Bodkin Arrow
33:37 Squires
33:40 Scale Mail Armor
33:38 Pikeman
35:45 Halberdier
37:10 Chain Mail Armor
43:05 Light Cavalry
牛比无极限
6:58 Feudal Age
10:58 Castle Age
8:59 Double-Bit Axe
8:58 Horse Collar
9:33 Loom
10:36 Wheelbarrow
13:22 Bow Saw
21:42 Hand Cart
21:49 Ballistics
22:15 Bloodlines
21:58 Fletching
23:21 Bodkin Arrow
23:26 Padded Archer Armor
27:50 Imperial Age
26:13 Nomads
26:32 Leather Archer Armor
26:26 Husbandry
30:26 Bracer
31:31 Chemistry
29:55 Elite Mangudai
30:56 Conscription
30:59 Capped Ram
31:18 Onager
31:36 Elite Skirmisher
32:22 Thumb Ring
32:43 Parthian Tactics
32:23 Imperial Skirmisher
avalperen2012
7:31 Feudal Age
9:40 Town Watch
9:42 Loom
13:33 Castle Age
11:46 Double-Bit Axe
11:48 Horse Collar
13:18 Bloodlines
14:24 Bow Saw
14:15 Heavy Plow
15:07 Husbandry
21:01 Wheelbarrow
25:04 Ballistics
24:58 Fortified Wall
28:51 Forging
31:33 Imperial Age
30:05 Light Cavalry
37:35 Two-Man Saw
tc-Hawx
7:01 Feudal Age
10:57 Castle Age
9:21 Double-Bit Axe
9:33 Horse Collar
11:53 Bow Saw
12:29 Heavy Plow
18:20 Wheelbarrow
19:14 Hand Cart
20:09 Gold Mining
24:07 Imperial Age
21:34 Stone Mining
21:37 Fletching
22:10 Loom
23:12 Stone Shaft Mining
22:40 Bodkin Arrow
23:41 Ballistics
23:29 Padded Archer Armor
24:52 Masonry
26:09 Chemistry
25:10 Bracer
25:09 Elite Rattan Archer
28:00 Two-Man Saw
27:31 Crop Rotation
27:39 Leather Archer Armor
29:15 Ring Archer Armor
31:33 Fortified Wall
34:14 Paper Money
37:00 Siege Engineers
37:29 Town Watch
39:25 Hoardings
39:33 Pikeman
40:14 Scale Mail Armor
40:02 Halberdier
41:39 Chain Mail Armor
41:57 Bombard Tower
42:06 Squires
41:51 Arson
42:17 Forging
44:13 Plate Mail Armor
44:19 Iron Casting
45:19 Elite Skirmisher
Connection lost

Rejoining the realm…

Still unreachable

The connection could not be restored.

Session expired

The server has moved on; the page needs a fresh start.